 Dungeon Crawl Stone Soup version 0.28.0-45-g0d030f2227 (webtiles) character file.

Game seed: 5129301950512462288

94 Ablot the Cutter (level 4, -2/41 HPs)
             Began as a Gnoll Chaos Knight on Apr 14, 2022.
             Was a Plaything of Xom.
             Slain by an orc priest
             ... wielding a +0 flail
              (9 damage)
             ... on level 3 of the Dungeon.
             The game lasted 00:02:11 (1382 turns).

Ablot the Cutter (Gnoll Chaos Knight)               Turns: 1382, Time: 00:02:12

Health: -2/41      AC:  5    Str: 12 (13) XL:     4   Next: 63%
Magic:  6/6        EV: 12    Int: 12      God:    Xom [*.....]
Gold:   84         SH:  0    Dex: 11      Spells: 5/5 levels left

rFire   . . .      SeeInvis +   a - +0 short sword (chaos)
rCold   . . .      Faith    .   (no shield)
rNeg    . . .      Spirit   .   b - +2 leather armour
rPois   .          Reflect  .   (helmet restricted)
rElec   .          Harm     .   (no cloak)
rCorr   .          Rampage  .   (no gloves)
Will    .....                   (no boots)
Stlth   +.........              (no amulet)
HPRegen 0.13/turn               l - ring of see invisible
MPRegen 0.10/turn               (no ring)

@: no status effects
A: fangs 1, strong nose, distributed training, antennae 1, talons 1, high MP 1,
sense surroundings 1
a: Renounce Religion


You were on level 3 of the Dungeon.
You worshipped Xom.
You were a special plaything of Xom.
You visited 1 branch of the dungeon, and saw 3 of its levels.

You collected 84 gold pieces.

Inventory:

Hand Weapons
 a - a +0 short sword of chaos (weapon)
Missiles
 d - 81 stones (quivered)
 e - 37 arrows
 g - 8 bolts
Armour
 b - a +2 leather armour (worn)
Jewellery
 l - a ring of see invisible (left hand)
Scrolls
 h - a scroll of teleportation {unknown}
 j - a scroll of enchant armour {unknown}
Potions
 c - 2 potions of curing {unknown}
 f - a potion of flight {unknown}
 i - a potion of resistance {unknown}
 k - a potion of ambrosia {unknown}


   Skills:
 + Level 6.6 Fighting
 + Level 6.6 Short Blades
 + Level 1.2 Long Blades
 + Level 1.2 Axes
 + Level 1.2 Maces & Flails
 + Level 1.2 Polearms
 + Level 1.2 Staves
 + Level 1.2 Slings
 + Level 1.2 Bows
 + Level 1.2 Crossbows
 + Level 1.2 Throwing
 + Level 4.6 Armour
 + Level 2.8 Dodging
 + Level 1.2 Stealth
 + Level 1.2 Shields
 + Level 1.2 Unarmed Combat
 + Level 1.2 Spellcasting
 + Level 1.0 Conjurations
 + Level 1.0 Hexes
 + Level 1.0 Summonings
 + Level 1.0 Necromancy
 + Level 1.0 Translocations
 + Level 1.0 Transmutations
 + Level 1.0 Fire Magic
 + Level 1.0 Ice Magic
 + Level 1.0 Air Magic
 + Level 1.0 Earth Magic
 + Level 1.0 Poison Magic
 + Level 1.3 Invocations
 + Level 1.2 Evocations


You had 5 spell levels left.
You didn't know any spells.
Your spell library was empty.

Dungeon Overview and Level Annotations

Branches:
Dungeon (3/15)

Altars:
Xom


Innate Abilities, Weirdness & Mutations

You have very sharp teeth.
Your uncanny sense of smell can sniff out nearby items.
Your experience applies equally to all skills.
You have a pair of small antennae on your head.
You have sharp toenails.
You have an increased reservoir of magic. (+10% MP)
You passively map a small area around you.


Message History

Found a scroll labelled SOSKAM ZAWNE.
The orc priest shouts!
You see here a ring of see invisible.
l - a ring of see invisible An orc wizard comes into view.
It is wielding a +0 dagger.
The orc closely misses you. The orc completely misses you.
The orc hits you but does no damage.
Items here: )) [[ ††.
l - a ring of see invisible (left hand)
You hit the orc. You claw the orc.
You kill the orc!
Unknown command.
Throw: 84 stones
Press: ? - help, Q - select action Shift-Dir - straight line, f - orc priest
Aim: an orc priest, wielding a +0 flail (59% to hit)
You throw a stone.
The stone completely misses the orc priest.
Unknown command.
Throw: 83 stones
Press: ? - help, Q - select action Shift-Dir - straight line, f/p - orc priest
Aim: an orc priest, wielding a +0 flail (59% to hit)
You throw a stone. The stone hits the orc priest.
The orc priest is lightly wounded.
The orc priest mumbles some strange prayers to Beogh against you.
You barely resist.
Throw: 82 stones
Press: ? - help, Q - select action Shift-Dir - straight line, f/p - orc priest
Aim: an orc priest, wielding a +0 flail (lightly wounded, 59% to hit)
You throw a stone. The stone barely misses the orc priest.
Unknown command.
You hit the orc priest but do no damage.
Your kick misses the orc priest. Your punch misses the orc priest.
The orc priest is lightly wounded.
The orc priest barely misses you.
You closely miss the orc priest. Your kick misses the orc priest.
The orc priest is lightly wounded.
The orc priest hits you with a +0 flail!
You die...
Xom snickers!

##### ### #...# #.o
** #...# #.# , ,
*#...############.#
,+.......o.........
* , ,
#...##############
, #...# * *
*######@..# * * ,
#....o#### , ** *
+.....+ ,, , ,,,
#....(# * + , ,
,.....##...?. , *
......*#.....o.
..!.. *#(....... ,
* ..... #......oo
.... #........, *


You could see an orc priest.

Vanquished Creatures
  An orc priest (D:3)
  2 adders
  4 orcs (D:3)
  4 ball pythons
  4 bats
  3 endoplasms
  2 giant cockroaches (D:2)
  5 goblins
  5 hobgoblins
  3 jackals (D:1)
  3 frilled lizards (D:1)
  2 kobolds
  2 rats (D:1)
40 creatures vanquished.

Notes
Turn   | Place    | Note
-------+----------+-------------------------------------------
     0 | D:1      | Ablot the Gnoll Chaos Knight began the quest for the Orb.
     0 | D:1      | Reached XP level 1. HP: 23/23 MP: 1/1
   250 | D:1      | Reached XP level 2. HP: 29/29 MP: 2/2
   272 | D:1      | XOM: potion effect (might)
   282 | D:1      | XOM: silly message
   374 | D:1      | XOM: silly message
   572 | D:1      | XOM: give mutation
   572 | D:1      | Gained mutation: You have sharp toenails. [Xom's grace]
   638 | D:2      | Found a faded altar of an unknown god.
   641 | D:2      | XOM: scenery: create altars
   643 | D:2      | XOM: summons friendly ufetubus
   648 | D:2      | Reached XP level 3. HP: 30/35 MP: 3/3
   771 | D:2      | XOM: give mutations
   771 | D:2      | Gained mutation: You have a pair of small antennae on your
                  | head. [Xom's grace]
   771 | D:2      | Gained mutation: You have an increased reservoir of magic.
                  | (+10% MP) [Xom's grace]
   795 | D:2      | Reached skill level 1 in Invocations
   989 | D:2      | XOM: scenery: create altars
  1171 | D:2      | XOM: give mutation
  1171 | D:2      | Gained mutation: You passively map a small area around you.
                  | [Xom's grace]
  1241 | D:2      | XOM is BORED!
  1241 | D:2      | XOM: stat loss: -3 Str (10/13)
  1285 | D:2      | XOM: summons 1 hostile shadow creature
  1291 | D:3      | XOM: butterfly on damage
  1298 | D:3      | Reached skill level 1 in Long Blades
  1298 | D:3      | Reached skill level 1 in Axes
  1298 | D:3      | Reached skill level 1 in Maces & Flails
  1298 | D:3      | Reached skill level 1 in Polearms
  1298 | D:3      | Reached skill level 1 in Staves
  1298 | D:3      | Reached skill level 1 in Slings
  1298 | D:3      | Reached skill level 1 in Bows
  1298 | D:3      | Reached skill level 1 in Crossbows
  1298 | D:3      | Reached skill level 1 in Throwing
  1298 | D:3      | Reached skill level 1 in Stealth
  1298 | D:3      | Reached skill level 1 in Shields
  1298 | D:3      | Reached skill level 1 in Unarmed Combat
  1298 | D:3      | Reached skill level 1 in Spellcasting
  1298 | D:3      | Reached skill level 1 in Evocations
  1298 | D:3      | Reached XP level 4. HP: 18/41 MP: 4/6
  1302 | D:3      | XOM: 2-stop teleportation journey
  1369 | D:3      | Reached skill level 1 in Conjurations
  1369 | D:3      | Reached skill level 1 in Hexes
  1369 | D:3      | Reached skill level 1 in Summonings
  1369 | D:3      | Reached skill level 1 in Necromancy
  1369 | D:3      | Reached skill level 1 in Translocations
  1369 | D:3      | Reached skill level 1 in Transmutations
  1369 | D:3      | Reached skill level 1 in Fire Magic
  1369 | D:3      | Reached skill level 1 in Ice Magic
  1369 | D:3      | Reached skill level 1 in Air Magic
  1369 | D:3      | Reached skill level 1 in Earth Magic
  1369 | D:3      | Reached skill level 1 in Poison Magic
  1382 | D:3      | Slain by an orc priest

Illustrated notes

Levels and vault maps discovered:
D:1:      minmay_arrival_stone_box, layout_basic, serial_glass, glass_columns_a,
          glass_columns_a
D:2:      layout_loops_ring, nicolae_ecumenical_pavilion
D:3:      layout_basic, ebering_ghost_disaster_area, minmay_diced_spiral,
          uniq_robin

Skill      XL: |  1  2  3  4 |
---------------+-------------+-----
Invocations    | 1 |  1.3
Long Blades    | 1 |  1.2
Axes           | 1 |  1.2
Maces & Flails | 1 |  1.2
Polearms       | 1 |  1.2
Staves         | 1 |  1.2
Slings         | 1 |  1.2
Bows           | 1 |  1.2
Crossbows      | 1 |  1.2
Throwing       | 1 |  1.2
Stealth        | 1 |  1.2
Shields        | 1 |  1.2
Unarmed Combat | 1 |  1.2
Spellcasting   | 1 |  1.2
Evocations     | 1 |  1.2
Conjurations   | 1 |  1.0
Hexes          | 1 |  1.0
Summonings     | 1 |  1.0
Necromancy     | 1 |  1.0
Translocations | 1 |  1.0
Transmutations | 1 |  1.0
Fire Magic     | 1 |  1.0
Ice Magic      | 1 |  1.0
Air Magic      | 1 |  1.0
Earth Magic    | 1 |  1.0
Poison Magic   | 1 |  1.0
Fighting       | |  6.6
Short Blades   | |  6.6
Armour         | |  4.6
Dodging        | |  2.8

Action                   |  1- 3 |  4- 6 || total
-------------------------+-------+-------++-------
Melee: Short sword       |    73 |    29 ||   102
       Bite              |     6 |     1 ||     7
       Punch             |     1 |     1 ||     2
       Kick              |    10 |     7 ||    17
Throw: Stone             |       |     3 ||     3
 Stab: Sleeping          |     1 |       ||     1
       Petrifying        |     1 |       ||     1
Armor: Leather armour    |    24 |     6 ||    30
Dodge: Dodged            |    43 |     9 ||    52
